 Dungeon Crawl Stone Soup version 0.28.0-53-g5a82cb258f (webtiles) character file.

Game seed: 4636894387980080226

59 Tirrikindir the Chopper (level 4, 0/40 HPs)
             Began as a Hill Orc Monk on Aug 19, 2022.
             Succumbed to an adder's poison
             ... on level 2 of the Dungeon.
             The game lasted 00:03:42 (1962 turns).

Tirrikindir the Chopper (Hill Orc Monk)             Turns: 1962, Time: 00:03:44

Health: 0/40       AC:  4    Str: 15    XL:     4   Next: 3%
Magic:  4/4        EV: 12    Int: 10    God:
Gold:   37         SH:  0    Dex: 13    Spells: 3/3 levels left

rFire   . . .      SeeInvis .   a - +1 hand axe
rCold   . . .      Faith    .   (no shield)
rNeg    . . .      Spirit   .   b - +0 robe
rPois   .          Reflect  .   (no helmet)
rElec   .          Harm     .   (no cloak)
rCorr   .          Rampage  .   (no gloves)
Will    .....                   (no boots)
Stlth   ++........              (no amulet)
HPRegen 0.13/turn               e - ring of flight
MPRegen 0.09/turn               (no ring)

@: lethally poisoned (0 -> -4), flying
A: iridescent scales 1
a: no special abilities


You were on level 2 of the Dungeon.
You visited 1 branch of the dungeon, and saw 2 of its levels.

You collected 37 gold pieces.

Inventory:

Hand Weapons
 a - a +1 hand axe (weapon)
Missiles
 c - 3 poisoned darts (quivered)
Armour
 b - a +0 robe (worn)
Jewellery
 e - a ring of flight (left hand)
Scrolls
 h - 2 scrolls of teleportation {unknown}


   Skills:
 - Level 4.0 Fighting
 * Level 5.1 Axes
 + Level 1.6 Armour
 + Level 2.8 Dodging
 - Level 1.5 Stealth


You had 3 spell levels left.
You didn't know any spells.
Your spell library was empty.

Dungeon Overview and Level Annotations

Branches:
Dungeon (2/15)

Altars:

Shops:
D:2 [


Innate Abilities, Weirdness & Mutations

You are partially covered in iridescent scales. (AC +2)


Message History

You feel sick. The adder bites you.
You closely miss the adder.
The adder is lightly wounded.
You feel sick. The adder bites you but does no damage.
You hit the adder.
The adder is moderately wounded.
You feel sick. The adder closely misses you. The adder barely misses you.
You hit the adder.
The adder is moderately wounded.
You feel sick. The adder bites you.
You hit the adder.
The adder is heavily wounded.
You feel sick. The adder bites you.
You are more poisoned.
The adder poisons you!
You hit the adder.
The adder is almost dead.
You feel sick. The adder completely misses you. The adder closely misses you.
You miss the adder.
The adder is almost dead.
You feel sick. The adder bites you.
* * * LOW HITPOINT WARNING * * *
You are lethally poisoned!
The adder poisons you!
It was a potion of flight.
You feel more buoyant.
* * * LOW HITPOINT WARNING * * *
You feel sick. The adder closely misses you.
It was a potion of mutation.
You feel extremely strange.
Iridescent scales grow over part of your body.
* * * LOW HITPOINT WARNING * * *
You feel sick. The adder barely misses you. x2
You hit the adder.
You kill the adder!
* * * LOW HITPOINT WARNING * * *
You feel sick.
Your Axes skill increases to level 5!
You have reached level 4!
There is a lethal amount of poison in your body!
You die...

..........
.........'.........#
.......##
#........###########
.......# #........#
.......# #.>......##
.....................##
..............######..#
.....################.##
###### ...........#..#
.......@...'[.#
...........#..#
############.## #.# #.#
#.# +.# ###


There were no monsters in sight!

Vanquished Creatures
  2 adders (D:2)
  A dart slug (D:1)
  6 endoplasms
  2 giant cockroaches
  2 hobgoblins (D:1)
  5 kobolds
  A quokka (D:2)
  4 bats
  2 frilled lizards (D:1)
  7 goblins (D:1)
  4 rats
  3 toadstools (D:1)
39 creatures vanquished.

Vanquished Creatures (others)
  6 plants (D:1)
  A toadstool (D:1)
  18 withered plants (D:1)
25 creatures vanquished.

Grand Total: 64 creatures vanquished

Notes
Turn   | Place    | Note
-------+----------+-------------------------------------------
     0 | D:1      | Tirrikindir the Hill Orc Monk began the quest for the Orb.
     0 | D:1      | Reached XP level 1. HP: 19/19 MP: 1/1
   228 | D:1      | Reached XP level 2. HP: 27/27 MP: 2/2
   780 | D:1      | Reached skill level 1 in Armour
  1093 | D:1      | Found a faded altar of an unknown god.
  1096 | D:1      | Reached XP level 3. HP: 28/33 MP: 3/3
  1911 | D:2      | Found Rydwyh's Armour Shop.
  1960 | D:2      | Gained mutation: You are partially covered in iridescent
                  | scales. (AC +2) [potion of mutation]
  1961 | D:2      | HP: 1/33 [poisoned by an adder]
  1962 | D:2      | Reached skill level 5 in Axes
  1962 | D:2      | Reached XP level 4. HP: 1/40 MP: 4/4
  1962 | D:2      | Succumbed to an adder's poison

Illustrated notes

Levels and vault maps discovered:
D:1:      ldierk_water_garden, layout_loops_ring,
          shapermc_ecumenical_altar_flowoftime
D:2:      layout_basic, serial_shops, nicolae_shop_crystal, nrook_uturn

Skill      XL: |  1  2  3 |
---------------+----------+-----
Armour         | 1 |  1.6
Fighting       | 4 |  4.0
Axes           | 5 |  5.1
Dodging        | |  2.8
Stealth        | |  1.5

Action                   |  1- 3 |  4- 6 || total
-------------------------+-------+-------++-------
Melee: Hand axe          |   147 |       ||   147
  Use: Scroll            |     2 |       ||     2
       Potion            |     2 |       ||     2
 Stab: Sleeping          |     4 |       ||     4
       Distracted        |     1 |       ||     1
Armor: Robe              |    17 |       ||    17
Dodge: Dodged            |    73 |       ||    73
